 Dungeon Crawl Stone Soup version 0.25.1-2-g60ff931df9 (webtiles) character file.

Game seed: 17677313745024578129

81 DerDa the Stinger (level 4, -1/30 HPs)
             Began as a Formicid Venom Mage on Sept 26, 2020.
             Was an Initiate of Sif Muna.
             Slain by a bullfrog (6 damage)
             ... on level 6 of the Dungeon.
             The game lasted 00:06:45 (1782 turns).

DerDa the Stinger (Formicid Venom Mage)             Turns: 1782, Time: 00:06:46

Health: -1/30      AC:  3    Str: 13    XL:     4   Next: 67%
Magic:  5/8        EV: 11    Int: 15    God:    Sif Muna [......]
Gold:   94         SH:  0    Dex: 11    Spells: 6/9 levels left

rFire    . . .     SeeInvis +   q - +4 short sword
rCold    . . .     Gourm    .   (no shield)
rNeg     . . .     Faith    +   p - +0 leather armour (curse)
rPois    .         Spirit   .   (helmet unavailable)
rElec    .         Reflect  .   (no cloak)
rCorr    .         Harm     .   (no gloves)
MR       .....                  (no boots)
Stlth    ++........             l - amulet of faith
HPRegen  0.10/turn              (no ring)
MPRegen  0.11/turn              (no ring)

@: no status effects
A: permanent stasis, dig shafts and tunnels, four strong arms, antennae 3
a: Dig, Shaft Self, Renounce Religion


You were on level 6 of the Dungeon.
You worshipped Sif Muna.
Sif Muna was noncommittal.
You were near starving.

You visited 1 branch of the dungeon, and saw 4 of its levels.

You collected 94 gold pieces.

Inventory:

Hand Weapons
 d - a +0 club
 q - a +4 short sword (weapon)
Missiles
 b - 9 bolts
 e - 109 stones (quivered)
 r - 2 throwing nets
Armour
 a - a +0 robe
 p - a cursed +0 leather armour (worn)
Jewellery
 l - an amulet of faith (around neck)
 m - an uncursed amulet of reflection {unknown}
Wands
 s - a wand of iceblast (8)
Scrolls
 f - 2 scrolls of remove curse {unknown}
 i - a scroll of immolation {unknown}
 j - a scroll of identify {unknown}
 k - a scroll of enchant weapon {unknown}
Potions
 g - 3 potions of ambrosia {unknown}
 h - 2 potions of degeneration {unknown}
 n - a potion of resistance {unknown}
 o - a potion of brilliance {unknown}
Comestibles
 c - 4 rations


   Skills:
 - Level 1.7 Dodging
 - Level 2.4 Stealth
 * Level 3.2 Spellcasting
 + Level 2.0 Transmutations
 + Level 0.9 Air Magic
 * Level 5.1 Poison Magic


You had 6 spell levels left.
You knew the following spells:

 Your Spells              Type           Power        Failure   Level  Hunger
a - Sting                 Tmut/Pois      ##..         6%          1    #......
u - Poisonous Vapours     Pois/Air       ##....       11%         2    ##.....

Your spell library contained the following spells:

 Spells                   Type           Power        Failure   Level  Hunger
 Ignite Poison            Fire/Tmut/Pois #.......     28%         3    ###....
 Olgreb's Toxic Radiance  Pois           ###.....     30%         4    #####..
 Mephitic Cloud           Conj/Pois/Air  #.......     32%         3    ###....


Dungeon Overview and Level Annotations

Branches:
Dungeon (3/15)

Altars:
Elyvilon
Fedhas
Nemelex Xobeh
Okawaru
Sif Muna
Xom


Innate Abilities, Weirdness & Mutations

You cannot be hasted, slowed, berserked, paralysed or teleported.
You can dig through walls and to a lower floor.
Your four strong arms can wield two-handed weapons with a shield.
You have a pair of large antennae on your head. (SInv)


Message History

Casting: Sting (safe; 6% risk of failure)
Confirm with . or Enter, or press ? or * to list all spells.
Aiming: Sting (safe; 6% risk of failure)
Press: ? - help, Shift-Dir - straight line, f/p - bullfrog
Aim: a bullfrog (lightly wounded, very poisoned)
The sting misses the bullfrog.
The bullfrog hits you! The bullfrog closely misses you.
The bullfrog barely misses you. The bullfrog barely misses you.
Casting: Sting (safe; 6% risk of failure)
Confirm with . or Enter, or press ? or * to list all spells.
Aiming: Sting (safe; 6% risk of failure)
Press: ? - help, Shift-Dir - straight line, f/p - bullfrog
Aim: a bullfrog (heavily wounded, poisoned)
The sting misses the bullfrog.
The bullfrog hits you!
* * * LOW HITPOINT WARNING * * *
The bullfrog hits you but does no damage.
The bullfrog looks more healthy.
The bullfrog hits you.
You die...

#
#............
#.#...#.######
#.###.#.#
#.....#.#
#.#...#.#
#.###.# #.#
#.# #.# #.#
#@# #.# #.#F#
#.# # #.#.#
#.# #.#.#.#
#.# .#.#.# #.#
.>#.# #.# ###
#.#.# #.#
.....#.#.#
#......#


You could see a bullfrog.

Vanquished Creatures
  A worker ant (D:2)
  2 adders (D:2)
  A ball python (D:2)
  A giant cockroach (D:1)
  3 goblins
  7 hobgoblins
  11 kobolds
  A quokka (D:2)
  A bat (D:1)
  A frilled lizard (D:1)
  10 rats
39 creatures vanquished.

Notes
Turn   | Place    | Note
-------+----------+-------------------------------------------
     0 | D:1      | DerDa the Formicid Venom Mage began the quest for the Orb.
     0 | D:1      | Reached XP level 1. HP: 13/13 MP: 3/3
   187 | D:1      | Reached XP level 2. HP: 15/19 MP: 0/5
   191 | D:1      | Learned a level 2 spell: Poisonous Vapours
   655 | D:1      | Reached XP level 3. HP: 24/24 MP: 5/7
  1204 | D:2      | Reached XP level 4. HP: 19/30 MP: 1/8
  1406 | D:2      | Found a shimmering altar of Xom.
  1409 | D:2      | Found an iron altar of Okawaru.
  1412 | D:2      | Found a blossoming altar of Fedhas.
  1458 | D:2      | Found a faded altar of an unknown god.
  1458 | D:2      | Found a shimmering blue altar of Sif Muna.
  1465 | D:2      | Found a faded altar of an unknown god.
  1468 | D:2      | Became a worshipper of Sif Muna the Loreminder
  1485 | D:2      | Found a white marble altar of Elyvilon.
  1487 | D:2      | Found a sparkling altar of Nemelex Xobeh.
  1550 | D:2      | Reached skill level 5 in Poison Magic
  1742 | D:3      | You fall into a shaft and drop 3 floors!
  1770 | D:6      | Noticed a bullfrog
  1782 | D:6      | Slain by a bullfrog

Illustrated notes

Levels and vault maps discovered:
D:1:      onia_arrival_pyramid, layout_loops_cross, nrook_mini_backslash,
          grunt_decor_mini_mirrors
D:2:      layout_rooms, grunt_temple_overflow_diamond,
          chequers_temple_overflow_minitemple
D:3:      layout_rooms, first_ration, serial_glass, glass_columns_b,
          glass_columns_a
D:6:      layout_basic, uniq_sigmund, uniq_maggie, uniq_eustachio

Skill      XL: |  1  2  3  4 |
---------------+-------------+-----
Spellcasting   | 3 |  3.2
Transmutations | 2 |  2.0
Poison Magic   | 5 |  5.1
Dodging        | |  1.7
Stealth        | |  2.4
Air Magic      | |  0.9

Action                   |  1- 3 |  4- 6 || total
-------------------------+-------+-------++-------
Melee: Unarmed           |     4 |       ||     4
       Club              |     9 |       ||     9
 Cast: Sting             |    51 |     9 ||    60
       Poisonous Vapours |     3 |       ||     3
 Abil: Shaft Self        |       |     1 ||     1
  Eat: Chunk             |     1 |     1 ||     2
Armor: Robe              |     6 |       ||     6
       Leather armour    |       |     1 ||     1
Dodge: Dodged            |    22 |     6 ||    28
